[Event "*** SCC Grand Prix: Titled Tuesday Blitz"]
[Site "Chess.com"]
[Date "2020.07.21"]
[Round "2"]
[White "vinniethepooh"]
[Black "Noam_Vitenberg"]
[Result "0-1"]
[WhiteElo "2689"]
[BlackElo "2489"]
[TimeControl "180+1"]
[EndTime "10:17:54 PDT"]
[Termination "Noam_Vitenberg won on time"]

1. d4 d5 2. c4 e6 3. Nc3 a6 4.
cxd5 exd5 5. Nf3 h6 6. Qc2 c6 7.
Bf4 Bd6 8. Bxd6 Qxd6 9. e3 Ne7 10.
Bd3 O-O 11. Ne5 Nd7 12. f4 f6 13. Ng6 Nxg6 14. Bxg6 Qe7 15. Qd3 f5 16. Bxf5 Rxf5 17. Qxf5 Qxe3+ 18. Kf1 Nf6 19. Qe5 Qd2 20. Qe2 Qxd4 21.
Rd1 Qxf4+ 22. Qf2 Qc4+ 23. Qe2 Qf4+ 24. Qf2 Qc4+ 25. Qe2 Qb4 26. a3 Qb3 27. h3 Bf5 28. Re1 Ne4 29. Nxe4 Bxe4 30. Kg1 Qg3 31. Qf2 Qe5 32.
Rf1 Re8 33. b4 d4 34. Qf4 Qd5 35. Rf2 Re6 36. Qf7+ Kh7 37. Kh2 Qd6+ 38. Qf4 Re5 39. Rd1 d3 40. Re1 Qd5 41. Rd2 Re6 42. Rf1 Rf6 43. Qe3 Rxf1 44. Qg3 Rf6 45. h4 Rg6 46. Qf4 Rxg2+ 47. Rxg2 Bxg2 48. h5 d2 0-1

[Event "*** SCC Grand Prix: Titled Tuesday Blitz"]
[Site "Chess.com"]
[Date "2020.07.21"]
[Round "2"]
[White "ErikRonka"]
[Black "chessdjw"]
[Result "1-0"]
[WhiteElo "2363"]
[BlackElo "2681"]
[TimeControl "180+1"]
[EndTime "10:17:54 PDT"]
[Termination "ErikRonka won by resignation"]

1. e4 c5 2. Nf3 d6 3. Bb5+ Nd7 4. d4 cxd4 5. Qxd4 a6 6. Bxd7+ Bxd7 7.
c4 e5 8. Qd3 b5 9. Nc3 bxc4 10.
Qxc4 h6 11. Nd5 Rc8 12. Qxa6 Ne7 13. Nxe7 Bxe7 14. O-O O-O 15. Be3 Rb8 16. Rfd1 Rxb2 17. Nxe5 Bb5 18. Qa3 Rc2 19. Qb3 Qc7 20. Nxf7 Rxf7 21.
Qxb5 Bg5 22. Bxg5 Rfxf2 23. Qd5+ Kh8 24. Rd2 Qa7 25. Kh1 hxg5 26. Rxf2 Qxf2 27. Qxg5 Rxa2 28. Qh5+ Kg8 29. Qe8+ Kh7 30. Qh5+ Kg8 31. Qd5+ Kh7 32. Qxa2 Qd4 33. Rb1 Qxe4 34. Qb2 d5 35. h3 d4 36. Rd1 d3 37. Qd2 g6 38. Qxd3 Qf4 39.
Qd7+ Kh6 40. Qd2 Kh5 41. Qxf4 1-0

[Event "*** SCC Grand Prix: Titled Tuesday Blitz"]
[Site "Chess.com"]
[Date "2020.07.21"]
[Round "2"]
[White "VladaSviridova"]
[Black "Angel_Hranitel_37"]
[Result "0-1"]
[WhiteElo "2123"]
[BlackElo "2405"]
[TimeControl "180+1"]
[EndTime "10:17:54 PDT"]
[Termination "Angel_Hranitel_37 won by resignation"]

1. d4 Nf6 2. c4 g6 3. Nc3 Bg7 4. e4 d6 5. Nf3 O-O 6. Be2 e5 7. O-O Nc6 8. d5 Ne7 9. Ne1 Nd7 10. Be3 f5 11. f3 f4 12. Bf2 g5 13. Nd3 h5 14. c5 Ng6 15. cxd6 cxd6 16. Nb5 Nf6 17.
Rc1 Rf7 18. Qc2 Ne8 19. Nxa7 Bd7 20. Qb3 g4 21. Kh1 Bf8 22. a4 g3 23. hxg3 fxg3 24. Bxg3 Rxa7 25. Ra1 Rg7 26. Bf2 Ra8 27. Rfc1 Qg5 28. Qxb7 Nf4 29. Nxf4 exf4 30. Bf1 Bh3 31. Qxg7+ Bxg7 32. gxh3 Bxb2 33. Bb5 Bxa1 34. Rxa1 Qe5 35. Rg1+ Kf7 36. Bd7 Ng7 37. h4 Qb2 38. Be1 Qa3 39. Rf1 Rxa4 40. Bxa4 Qxa4 41. Bc3 Qc4 42. Rc1 Qe2 43.
Bxg7 Qxf3+ 44. Kg1 Qg3+ 45. Kf1 Qf3+ 46. Ke1 Kxg7 47.
Rc7+ Kf6 48. Rc6 Ke5 49. Rc7 Qe3+ 50. Kf1 f3 51. Re7+ Kd4 52. Rg7 Qe2+ 53. Kg1 f2+ 0-1

[Event "*** SCC Grand Prix: Titled Tuesday Blitz"]
[Site "Chess.com"]
[Date "2020.07.21"]
[Round "2"]
[White "SzMM19"]
[Black "David_Paravyan"]
[Result "0-1"]
[WhiteElo "2596"]
[BlackElo "3003"]
[TimeControl "180+1"]
[EndTime "10:17:55 PDT"]
[Termination "David_Paravyan won on time"]

1. e4 e6 2. d4 d5 3. Bd3 dxe4 4. Bxe4 Nf6 5. Bf3 Bd6 6. Ne2 O-O 7. O-O Nbd7 8.
Nbc3 e5 9. Bg5 h6 10. Bxf6 Nxf6 11. Qd3 exd4 12. Qxd4 Re8 13. Rad1 Qe7 14. Ng3 Qe5 15. Qd2 Qf4 16. Qxf4 Bxf4 17. Rfe1 Rxe1+ 18. Rxe1 Be6 19. Nge2 Be5 20. Rd1 c6 21. Nd4 Bd7 22. Nb3 Re8 23.
Nc5 Bc8 24. a4 Kf8 25. a5 Bd4 26. Nb3 Bxc3 27. bxc3 Bf5 28. Nd4 Bg6 29. a6 c5 30.
Nb5 bxa6 31. Nc7 Rc8 32. Nxa6 Bxc2 33. Rd2 Be4 34. Be2 Ke7 35. f3 Bd5 36. Rb2 Nd7 37. Kf2 Nb6 0-1

[Event "*** SCC Grand Prix: Titled Tuesday Blitz"]
[Site "Chess.com"]
[Date "2020.07.21"]
[Round "2"]
[White "LPSupi"]
[Black "SCIM"]
[Result "1-0"]
[WhiteElo "2872"]
[BlackElo "2568"]
[TimeControl "180+1"]
[EndTime "10:17:55 PDT"]
[Termination "LPSupi won by resignation"]

1. d4 Nf6 2. c4 g6 3. g3 d5 4. cxd5 Nxd5 5. Bg2 Bg7 6. Nf3 O-O 7. O-O Nc6 8. e4 Nb6 9. d5 Na5 10. Nc3 c6 11. Bg5 Nac4 12. Qb3 h6 13. Bf4 cxd5 14.
Nxd5 Nxd5 15. exd5 Nd6 16. Rfe1 Bf5 17. Be5 Rc8 18.
Bxg7 Kxg7 19. Nd4 Bd7 20. Re2 Rc4 21. Qe3 Bg4 22. Rd2 Kg8 23. b3 Rc7 24. Qxh6 Nf5 25. Qf4 Nxd4 26. Rxd4 Bf5 27. Qh6 f6 28. d6 Rc5 29.
Re1 e5 30. Bd5+ Rxd5 31. Rxd5 Kf7 32. Qh7+ Ke6 33. Qxb7 Rh8 34. h4 Bg4 35. Rd2 Qa5 36. b4 Qd8 37. Qd5+ Kd7 38. Qf7+ Kc8 39. Rc1+ Kb8 40.
Qc7+ Qxc7 41. dxc7+ Kc8 42. Rd8+ Rxd8 43. cxd8=Q+ Kxd8 44. Rc6 Ke7 45. Ra6 1-0

[Event "*** SCC Grand Prix: Titled Tuesday Blitz"]
[Site "Chess.com"]
[Date "2020.07.21"]
[Round "2"]
[White "eightbyeightchess"]
[Black "Morshynska"]
[Result "1-0"]
[WhiteElo "2421"]
[BlackElo "2173"]
[TimeControl "180+1"]
[EndTime "10:17:55 PDT"]
[Termination "eightbyeightchess won on time"]

1. e4 e5 2. Nf3 Nc6 3. Bb5 a6 4.
Ba4 Nf6 5. d4 exd4 6. O-O Be7 7.
Re1 O-O 8. e5 Nd5 9. Nxd4 Nb6 10. Bb3 d5 11. Nxc6 bxc6 12. c3 Bf5 13. Bf4 Qd7 14.
Nd2 c5 15. Nf3 a5 16. Bc2 a4 17. Qd2 c6 18. b3 Ra7 19. h3 Rfa8 20. e6 fxe6 21. Ne5 Qc8 22. Bxf5 exf5 23. Rad1 axb3 24.
axb3 Bf6 25. Qd3 Ra2 26. Qe3 Nd7 27. Nxd7 Qxd7 28. Qxc5 Rc2 29. c4 Raa2 30. Bg3 h6 31. Qb6 d4 32. Qb8+ Kh7 33. Re8 g6 34. Rf1 g5 35. Be5 Bxe5 36. Qxe5 Qg7 37. Re7 Qxe7 38. Qxe7+ Kg6 39. Qd6+ Kh5 40. Qxd4 f4 41. Qe4 Kh4 42.
Qxc6 h5 43. Qf3 1-0

[Event "*** SCC Grand Prix: Titled Tuesday Blitz"]
[Site "Chess.com"]
[Date "2020.07.21"]
[Round "2"]
[White "denispopov"]
[Black "northridgehawk"]
[Result "1-0"]
[WhiteElo "1809"]
[BlackElo "2331"]
[TimeControl "180+1"]
[EndTime "10:17:55 PDT"]
[Termination "denispopov won by resignation"]

1. e4 e5 2. Nf3 Nc6 3. Bb5 a6 4.
Ba4 Nf6 5. Bxc6 dxc6 6. d3 Bd6 7. Nbd2 O-O 8. Qe2 Nd7 9. Nf1 c5 10. Ne3 Nb8 11. h3 Nc6 12. c3 Be6 13. O-O b6 14.
Rd1 Qf6 15. b3 Rad8 16. Bb2 Qg6 17. Kh1 f6 18. Nh4 Qf7 19. Nhf5 a5 20. Qg4 Kh8 21. Qf3 g6 22. Ng3 f5 23. exf5 gxf5 24. Qxc6 f4 25. Ne4 fxe3 26. fxe3 Qg7 27. Rf1 Rg8 28. Rf2 Bd7 29.
Qd5 Bc8 30. Nf6 Rgf8 31. Nh5 Qh6 32. Ng3 e4 33. Rxf8+ Bxf8 34. Qxd8 Qg7 35. Qxc8 exd3 36. Rd1 h5 37. c4 Kh7 38. Bxg7 Bxg7 39. Qxc7 Kg6 40.
Nxh5 Bf6 41. Nxf6 Kf5 42. Qxb6 Ke5 43. Qxa5 Kxf6 44. Qxc5 d2 45. Rxd2 1-0

[Event "*** SCC Grand Prix: Titled Tuesday Blitz"]
[Site "Chess.com"]
[Date "2020.07.21"]
[Round "2"]
[White "Andreikka"]
[Black "FontVella8"]
[Result "1-0"]
[WhiteElo "2908"]
[BlackElo "2577"]
[TimeControl "180+1"]
[EndTime "10:17:57 PDT"]
[Termination "Andreikka won on time"]

1. c4 e5 2. g3 d6 3. Bg2 Nc6 4. e3 Be6 5. b3 d5 6. cxd5 Bxd5 7. Bxd5 Qxd5 8. Qf3 Qxf3 9. Nxf3 e4 10. Ng5 Nb4 11.
Kd1 Nf6 12. Nc3 Nd3 13. Ke2 Nc5 14. Ba3 h6 15. Bxc5 hxg5 16. Bd4 Be7 17. Rac1 c5 18.
Bxf6 gxf6 19. Nxe4 b6 20. h4 Kd7 21. hxg5 fxg5 22.
g4 Ke6 23. Ng3 Rh4 24. Rxh4 gxh4 25. Nf5 Bf6 26. Rh1 Rh8 27. f4 Bd8 28. Kf3 Kd5 29. d3 b5 30. e4+ Kc6 31. g5 c4 32. bxc4 bxc4 33. dxc4 Kc5 34. Nh6 Rh7 35. Rxh4 Kxc4 36. Kg4 Kb4 37. Rh3 a5 38. Kf5 Bc7 39. Rb3+ Ka4 40.
Rb7 Bd6 41. Rxf7 Rh8 42. Rd7 Bb4 43. Nf7 Rh2 44. g6 Rg2 45. Ng5 Bf8 46. e5 1-0

[Event "*** SCC Grand Prix: Titled Tuesday Blitz"]
[Site "Chess.com"]
[Date "2020.07.21"]
[Round "2"]
[White "tandaleo"]
[Black "DaggiGretarsson"]
[Result "1-0"]
[WhiteElo "2332"]
[BlackElo "2611"]
[TimeControl "180+1"]
[EndTime "10:17:57 PDT"]
[Termination "tandaleo won on time"]

1. d4 g6 2. c4 Bg7 3. Nc3 c5 4. d5 Bxc3+ 5. bxc3 f5 6. Nf3 Nf6 7. Bg5 Ne4 8. Bd2 Qa5 9. Qc2 d6 10. e3 Nd7 11. Bd3 Ndf6 12. O-O Bd7 13. a4 O-O-O 14. Rfb1 Kb8 15. Rb3 Ka8 16. Qb2 Rb8 17. Be1 g5 18.
Nd2 Nxd2 19. Bxd2 g4 20. Rb5 Bxb5 21. cxb5 c4 22. Bxc4 Ne4 23. Be1 Rhf8 24. Bd3 Nc5 25. Bf1 f4 26. exf4 Rxf4 27. c4 Qc7 28. a5 Qd7 29. b6 a6 30. Qd2 Rbf8 31. Qe3 h5 32.
Rd1 h4 33. Rd4 Rxd4 34. Qxd4 Qf5 35. Qg7 g3 36. f3 gxh2+ 37. Kxh2 h3 38. gxh3 Nd3 39.
Bg3 Ne5 40. Qxe7 Nxf3+ 41. Kh1 1-0

[Event "*** SCC Grand Prix: Titled Tuesday Blitz"]
[Site "Chess.com"]
[Date "2020.07.21"]
[Round "2"]
[White "WPWPWP-2015"]
[Black "chessbia"]
[Result "1-0"]
[WhiteElo "2427"]
[BlackElo "2182"]
[TimeControl "180+1"]
[EndTime "10:17:57 PDT"]
[Termination "WPWPWP-2015 won by resignation"]

1. e4 c5 2. Nc3 d6 3. Nge2 Nf6 4. d4 cxd4 5. Nxd4 a6 6. Be3 e5 7. Nb3 Be6 8. f3 Nbd7 9. Qd2 h5 10. O-O-O Be7 11. Nd5 Bxd5 12. exd5 b5 13. Na5 O-O 14.
Nc6 Qe8 15. Rg1 Nh7 16. g4 hxg4 17. fxg4 Bh4 18. g5 f5 19. gxf6 Ndxf6 20. Bh3 Kh8 21. Qg2 Rf7 22. Be6 Rb7 23. Qh3 Qh5 24. Rdf1 Rf8 25.
Rf5 Qe2 26. Bd2 Bf2 27. Rf1 Bd4 28. Nxd4 exd4 29. Qd3 Qxd3 30. cxd3 Rc7+ 31. Kd1 Rd8 32. h4 Rc5 33. h5 Rc7 34. h6 a5 35. hxg7+ Kxg7 36. Rg1+ Kf8 37. Bh6+ Ke7 38. Rg7+ Ke8 39. Rg6 Re7 40.
Bg7 Rxg7 41. Rxg7 Kf8 42. Rg6 Re8 43. Rgxf6+ Nxf6 44.
Rxf6+ Ke7 45. Rf7+ Kd8 46. Rd7+ Kc8 47. Re7+ 1-0

[Event "*** SCC Grand Prix: Titled Tuesday Blitz"]
[Site "Chess.com"]
[Date "2020.07.21"]
[Round "2"]
[White "BJthechessgod"]
[Black "Aemulus20"]
[Result "0-1"]
[WhiteElo "2313"]
[BlackElo "2633"]
[TimeControl "180+1"]
[EndTime "10:17:58 PDT"]
[Termination "Aemulus20 won on time"]

1. e4 c5 2. Nf3 d6 3. c3 Nf6 4.
Be2 Nc6 5. d4 cxd4 6. cxd4 Nxe4 7. d5 Qa5+ 8. Nc3 Nxc3 9. bxc3 Ne5 10. Nxe5 dxe5 11. Rb1 a6 12. O-O g6 13. Be3 Bg7 14. d6 exd6 15. Qxd6 Qd8 16. Qa3 Bf8 17. Qa4+ Bd7 18. Qe4 Bg7 19. Rxb7 O-O 20. Rd1 Bf5 21. Qb4 Qc8 22. Bc4 a5 23. Qb5 Be4 24. Re7 Bc6 25.
Qb3 a4 26. Bxf7+ Kh8 27. Qc4 Bf6 28. Be6 Qa6 29. Rc7 Qxc4 30. Bxc4 Be4 31. Rdd7 g5 32. f3 Bg6 33. g4 Rac8 34. Rxc8 Rxc8 35. Be6 Rxc3 36. Bb6 Rxf3 37. Kg2 Be4 38. Bd5 Rd3+ 39.
Kf2 Rxd5 40. Rxd5 Bxd5 41. Ke3 Bxa2 42. Ke4 Kg7 43. Kf5 Bb1+ 44. Ke6 a3 45. Bd8 Bxd8 46.
Kxe5 a2 0-1

[Event "*** SCC Grand Prix: Titled Tuesday Blitz"]
[Site "Chess.com"]
[Date "2020.07.21"]
[Round "2"]
[White "Jumbo"]
[Black "keepitcool9499"]
[Result "1-0"]
[WhiteElo "2854"]
[BlackElo "2563"]
[TimeControl "180+1"]
[EndTime "10:18:00 PDT"]
[Termination "Jumbo won on time"]

1. d4 e6 2. Nf3 Nf6 3. c4 d5 4. g3 Be7 5. Bg2 O-O 6. Nc3 b6 7. cxd5 exd5 8. O-O Bb7 9. Bf4 Nbd7 10. Rc1 c5 11. dxc5 Nxc5 12. Be5 Nce4 13. Qd3 Nxc3 14. Rxc3 Ne4 15. Rc2 Bf6 16. Bxf6 Qxf6 17. Rfc1 Nc5 18. Qd4 Qxd4 19. Nxd4 Rac8 20. Nb5 a5 21. Nd6 Rcd8 22. Nxb7 Nxb7 23. Rd1 Nc5 24. Bxd5 Rd7 25. Rcd2 Rfd8 26.
f3 Kf8 27. Kf2 Na4 28. e4 Nc5 29. Ke3 f6 30. Bc4 Rxd2 31. Rxd2 Rxd2 32. Kxd2 Ke7 33.
Ke3 Kd6 34. Kd4 g5 35. f4 gxf4 36. gxf4 Nd7 37. Bb5 Nc5 38. e5+ fxe5+ 39. fxe5+ Ke6 40. Bc4+ Ke7 41. b3 Nd7 42. Kd5 h6 43. e6 Nf6+ 44. Kc6 Ng4 45. h4 Ne5+ 46. Kxb6 a4 47. Kc5 axb3 48.
Bxb3 Ng6 49. a4 Nxh4 50. a5 Nf3 51. a6 Nd2 52. Bd5 h5 53. a7 h4 54. a8=Q 1-0

[Event "*** SCC Grand Prix: Titled Tuesday Blitz"]
[Site "Chess.com"]
[Date "2020.07.21"]
[Round "2"]
[White "Karacsonyi_Gellert"]
[Black "wannabe2700"]
[Result "0-1"]
[WhiteElo "2460"]
[BlackElo "2684"]
[TimeControl "180+1"]
[EndTime "10:18:00 PDT"]
[Termination "wannabe2700 won by resignation"]

1. e4 c6 2. Nc3 d5 3. Nf3 Bg4 4. h3 Bxf3 5. Qxf3 e6 6. Be2 Bc5 7. Qg3 Bd4 8. O-O Nd7 9. Bd1 Be5 10. f4 Bd4+ 11. Kh1 Ngf6 12. e5 Ne4 13. Nxe4 dxe4 14. Qxg7 Rf8 15. c3 Bb6 16. b3 Qh4 17. Ba3 Bc5 18. Bxc5 Nxc5 19. Qg4 Qd8 20. b4 Nd3 21. Bc2 Qd5 22. Bxd3 Qxd3 23. f5 O-O-O 24. fxe6 Rg8 25. exf7+ Rxg4 26. f8=Q Rxf8 27. Rxf8+ Kd7 28. hxg4 Qxd2 29. Raf1 e3 30. R8f7+ Ke6 31. R7f6+ Kxe5 32. R1f5+ Ke4 33. Re6+ Kd3 34. Rd6+ Kc2 35. Rxd2+ exd2 36. Rf2 Kxc3 37. Rxd2 Kxd2 38. Kh2 b6 39. Kh3 c5 40. bxc5 bxc5 41. Kh4 c4 42. Kh5 c3 43. Kh6 c2 44. Kxh7 c1=Q 45. g5 Qc7+ 46. Kh6 Qh2+ 47. Kg7 Qxg2 48. g6 Kd3 49. Kf7 Qd5+ 50. Kf8 Qxa2 51. g7 a5 52. g8=Q Qxg8+ 53. Kxg8 a4 54. Kf7 a3 0-1

[Event "*** SCC Grand Prix: Titled Tuesday Blitz"]
[Site "Chess.com"]
[Date "2020.07.21"]
[Round "2"]
[White "SiddharthGMJagadeesh"]
[Black "eljanov"]
[Result "0-1"]
[WhiteElo "2568"]
[BlackElo "2870"]
[TimeControl "180+1"]
[EndTime "10:18:01 PDT"]
[Termination "eljanov won by resignation"]

1. d4 Nf6 2. Nf3 e6 3. c4 b6 4. Bf4 Bb7 5. e3 Bb4+ 6. Nfd2 O-O 7. a3 Be7 8. Nc3 d5 9. cxd5 exd5 10. Bd3 c5 11. O-O c4 12. Bc2 a6 13. a4 Nc6 14.
Qf3 Nb4 15. Bb1 Qd7 16. Be5 b5 17. axb5 axb5 18. Rxa8 Rxa8 19. Bf5 Qe8 20. Qh3 g6 21. Bxf6 Bxf6 22. Bd7 Qe7 23. Bxb5 Nd3 24. b3 Qb4 25. Ndb1 Rd8 26. Qf3 Qe7 27. bxc4 dxc4 28. Qg4 h5 29.
Qe2 Qb4 30. Qa2 Rc8 31. Qa4 Be7 32. Qa7 Ba8 33. Ba6 Rf8 34. Qc7 Nb2 35. e4 Bd6 36.
Qd7 Bb8 37. Nd5 Bxd5 38. Qxd5 c3 39. Rc1 Na4 40. Bd3 Qb2 41. Rf1 c2 42. Bxc2 Qxc2 43. Na3 Qd3 44. Nc4 Nc3 45. Qc6 Ne2+ 46. Kh1 Nxd4 0-1

[Event "*** SCC Grand Prix: Titled Tuesday Blitz"]
[Site "Chess.com"]
[Date "2020.07.21"]
[Round "2"]
[White "Parkas"]
[Black "ArjunErigaisi2003"]
[Result "0-1"]
[WhiteElo "2343"]
[BlackElo "3036"]
[TimeControl "180+1"]
[EndTime "10:18:01 PDT"]
[Termination "ArjunErigaisi2003 won by resignation"]

1. d4 d5 2. Nc3 e6 3. Bf4 Nf6 4. e3 a6 5. g4 c5 6. g5 Nfd7 7. h4 b5 8. Nf3 Nc6 9. a4 b4 10. Ne2 Bb7 11. c3 Rc8 12. Bg2 a5 13.
h5 Ba6 14. O-O g6 15. Re1 Be7 16. Ng3 bxc3 17. bxc3 cxd4 18. exd4 Rg8 19. hxg6 hxg6 20. Bh3 Rh8 21. Kg2 Nf8 22. Bg4 Nb8 23. Qd2 Nbd7 24. Rh1 Rg8 25. Rae1 Qb6 26. Ne5 Nxe5 27. Bxe5 Qc6 28.
Re3 Qxa4 29. Rf3 Qd7 30. Ra1 a4 31. Qf4 Bd8 32. Bd6 Nh7 33. Bc5 Nxg5 34. Re3 f5 35. Be2 Bxe2 36. Rxe2 Ne4 37. Rae1 Bc7 38. Qh6 Bxg3 39. fxg3 Qf7 40. Qf4 g5 41. Qe5 f4 42.
Rf1 Nxg3 43. Qxe6+ Qxe6 44. Rxe6+ Kf7 45. Rfe1 Ne4 46.
Re7+ Kf6 47. Bb4 Rxc3 48. R7xe4 Rg3+ 49. Kf2 dxe4 50. d5 e3+ 51. Ke2 Rd8 52. Kd3 Rxd5+ 53. Ke4 Re5+ 54. Kd4 Kf5 0-1

[Event "*** SCC Grand Prix: Titled Tuesday Blitz"]
[Site "Chess.com"]
[Date "2020.07.21"]
[Round "2"]
[White "RitvarsReimanis"]
[Black "Kirill_Klukin"]
[Result "0-1"]
[WhiteElo "2478"]
[BlackElo "2718"]
[TimeControl "180+1"]
[EndTime "10:18:02 PDT"]
[Termination "Kirill_Klukin won on time"]

1. d4 Nf6 2. c4 Nc6 3. Nf3 e6 4. Bg5 Bb4+ 5. Nbd2 h6 6. Bxf6 Qxf6 7. a3 Bxd2+ 8. Qxd2 d6 9. h3 O-O 10. e4 e5 11. d5 Ne7 12. O-O-O Ng6 13. Kb1 Bd7 14. Rc1 b6 15. Bd3 Nf4 16. Rhg1 a5 17. Ne1 Qe7 18. h4 f5 19. f3 Nxd3 20. Nxd3 fxe4 21. fxe4 Qxh4 22. Qe3 Rf7 23. b4 axb4 24. axb4 Rff8 25. Kb2 Bg4 26. Rh1 Qe7 27. Ra1 Bd7 28. Qg3 Qf6 29. Kc3 Rxa1 30. Rxa1 Be8 31. Qe3 Bg6 32. c5 bxc5 33. bxc5 Kh7 34. c6 Qh4 35. Ra4 Rf1 36. Qa7 Rf7 37. Qe3 Qh1 38. Ra2 Qb1 39. Rb2 Qa1 40.
Kb3 Rf8 41. Kc2 Rf1 42. Kb3 Qa6 43. Re2 Rb1+ 44. Nb2 Ra1 45. Kc2 Qb5 46. Re1 Ra2 47. Rb1 Qb4 0-1

[Event "*** SCC Grand Prix: Titled Tuesday Blitz"]
[Site "Chess.com"]
[Date "2020.07.21"]
[Round "2"]
[White "Klavdia_Nik"]
[Black "sasko1234"]
[Result "0-1"]
[WhiteElo "2035"]
[BlackElo "2377"]
[TimeControl "180+1"]
[EndTime "10:18:03 PDT"]
[Termination "sasko1234 won on time"]

1. Nf3 Nf6 2. c4 d6 3. d4 Bg4 4. Nc3 Nbd7 5. g3 c6 6. Bg2 e5 7. e4 Be7 8. O-O O-O 9. h3 Bh5 10. Re1 Re8 11. b3 Bf8 12. Bb2 Qa5 13. Qd2 Qc7 14.
Rac1 Rad8 15. Nh4 Bg6 16. Nxg6 hxg6 17. Rcd1 Be7 18. f4 Nh5 19. Qf2 exf4 20. gxf4 a6 21.
Re3 b5 22. e5 b4 23. Ne4 d5 24. cxd5 cxd5 25. Rc1 Qb6 26. Ng3 Nxg3 27. Qxg3 Nf8 28. Qg4 Qa5 29. Ra1 Qc7 30. Bf1 Qb6 31. Bd3 a5 32.
Kg2 a4 33. f5 gxf5 34. Qxf5 a3 35. Bc1 Qxd4 36. Rb1 Bc5 37. Qg4 Qxg4+ 38. hxg4 Bxe3 39. Bxe3 Rxe5 40. Bd4 Re6 41. Kf3 Rc8 42. Rd1 Rc3 43. Kf4 Ng6+ 44. Bxg6 Rxg6 45. g5 Rc2 0-1

[Event "*** SCC Grand Prix: Titled Tuesday Blitz"]
[Site "Chess.com"]
[Date "2020.07.21"]
[Round "2"]
[White "WildTricks"]
[Black "VitaliyBernadskiy"]
[Result "1-0"]
[WhiteElo "2516"]
[BlackElo "2725"]
[TimeControl "180+1"]
[EndTime "10:18:04 PDT"]
[Termination "WildTricks won by resignation"]

1. Nf3 c5 2. e4 Nc6 3. Bb5 g6 4. Bxc6 dxc6 5. O-O Bg7 6. d3 b6 7. Nc3 Nh6 8. Be3 Ng4 9. Bf4 e5 10. Bd2 f6 11. Qc1 h5 12. h3 Nh6 13. a3 a5 14.
Nh4 g5 15. Nf3 g4 16. Nh4 gxh3 17. g3 Ng4 18. f3 Nh6 19. Kh2 Be6 20. Ne2 Nf7 21.
b4 axb4 22. axb4 Rxa1 23. Qxa1 c4 24. d4 c3 25. Bxc3 Bc4 26. Rf2 O-O 27. Nf5 Ng5 28. Ng1 exd4 29. Bxd4 Qc7 30. Nxh3 Ne6 31. Bc3 Rd8 32.
Bxf6 Rf8 33. Bxg7 Nxg7 34. Nxg7 Qxg7 35. Qxg7+ Kxg7 36. Nf4 h4 37. Nh5+ Kg6 38. g4 Kg5 39. Kh3 Bf7 40. f4+ Kh6 41. Kxh4 Re8 42. e5 Rh8 43. g5+ Kg6 44. f5+ 1-0

[Event "*** SCC Grand Prix: Titled Tuesday Blitz"]
[Site "Chess.com"]
[Date "2020.07.21"]
[Round "2"]
[White "nrvisakh"]
[Black "Yashasd1995"]
[Result "1-0"]
[WhiteElo "2834"]
[BlackElo "2552"]
[TimeControl "180+1"]
[EndTime "10:18:05 PDT"]
[Termination "nrvisakh won by resignation"]

1. e4 d5 2. exd5 Nf6 3. d4 Nxd5 4. Nf3 g6 5. h4 h6 6. c4 Nb6 7. Nc3 Bg7 8. Be3 Bg4 9. Be2 Nc6 10. d5 Bxf3 11. gxf3 Na5 12. h5 g5 13. f4 Kf8 14.
fxg5 Naxc4 15. gxh6 Be5 16. Bd4 Qd6 17. h7 Nxb2 18.
Qd2 N6c4 19. Bxc4 Nxc4 20. Qd3 Bxd4 21. Qxd4 Qe5+ 22. Qxe5 Nxe5 23. Rb1 b6 24. Ke2 a5 25. Nb5 c5 26. Na3 Rb8 27. f4 Nd7 28. Nc4 Rxh7 29. Kf3 Rh6 30. a4 Rc8 31. Rbe1 e6 32. dxe6 fxe6 33. Rd1 Ke7 34. Rxd7+ Kxd7 35. Nxb6+ Kc7 36. Nxc8 Kxc8 37. Kg4 Kd7 38. Kg5 Rh8 39. h6 Ke7 40. Kg6 Rg8+ 41. Kh5 Kf6 42. h7 Rc8 43. Rg1 Kf7 44.
Kh6 c4 45. Rg7+ Kf6 46. Rg8 1-0

[Event "*** SCC Grand Prix: Titled Tuesday Blitz"]
[Site "Chess.com"]
[Date "2020.07.21"]
[Round "2"]
[White "GMHess"]
[Black "RestartingChess"]
[Result "0-1"]
[WhiteElo "2772"]
[BlackElo "2530"]
[TimeControl "180+1"]
[EndTime "10:18:06 PDT"]
[Termination "RestartingChess won on time"]

1. b3 Nf6 2. Bb2 g6 3. e3 Bg7 4. d3 d5 5. Nd2 c5 6. Ne2 Nc6 7. h3 O-O 8. g4 e5 9. Bg2 d4 10. Bxc6 bxc6 11. e4 Ne8 12. Ng3 Bh6 13. Bc1 Ng7 14.
Nc4 Bf4 15. Ne2 Ne6 16. Nxf4 exf4 17. Qf3 Ba6 18. Nb2 g5 19. Bd2 Nc7 20. h4 f6 21.
hxg5 fxg5 22. Ba5 Qe7 23. Bxc7 Qxc7 24. O-O-O Rf7 25. Rh6 Rd8 26. Rdh1 Rd6 27. Na4 c4 28.
dxc4 c5 29. R1h5 Rg7 30. e5 Rxh6 31. Qd5+ Kh8 32. Rxh6 Bb7 33. Qxc5 Qd7 34. Qf8+ Rg8 35. Qf6+ Rg7 36. e6 Qe7 37. Qxe7 Rxe7 38. Nc5 Bc8 39. Rh5 Bxe6 40. Rxg5 Bc8 41. Nd3 Re2 42.
Re5 Bxg4 43. Rxe2 Bxe2 44. Nxf4 Bf3 45. Kd2 Be4 46. c3 dxc3+ 47. Kxc3 Kg7 48. Kd4 Bf3 49. b4 Kf6 50. b5 Ke7 51. Ke3 Bb7 52.
c5 Bc8 53. a4 Bf5 54. Kd4 Bc2 55.
a5 Kd7 56. c6+ Kd6 0-1

[Event "*** SCC Grand Prix: Titled Tuesday Blitz"]
[Site "Chess.com"]
[Date "2020.07.21"]
[Round "2"]
[White "boo786"]
[Black "zaur-mammadov"]
[Result "0-1"]
[WhiteElo "2400"]
[BlackElo "2653"]
[TimeControl "180+1"]
[EndTime "10:18:06 PDT"]
[Termination "zaur-mammadov won on time"]

1. Nf3 d5 2. d4 Nf6 3. c4 dxc4 4.
e3 e6 5. Bxc4 c5 6. O-O cxd4 7.
exd4 Be7 8. Qe2 O-O 9. Nc3 Nc6 10. Rd1 Na5 11. Bd3 b6 12. Ne5 Bb7 13. Bg5 Rc8 14.
Rac1 Nc6 15. Nxc6 Bxc6 16. Ba6 Rc7 17. Bf4 Rd7 18. Be5 Qa8 19. f3 Rfd8 20. a3 Nd5 21. Ne4 f5 22. Nf2 Bg5 23. Rb1 Kh8 24. Bc4 Qb7 25.
Ba2 Ba4 26. Re1 a6 27. Nh3 Bh6 28. Kh1 Bb5 29. Qf2 Qc6 30. Qh4 Kg8 31. Ng5 Re8 32.
Qh5 Rde7 33. Rbc1 Qd7 34. Rcd1 Ba4 35. Rc1 Bb5 36. Rcd1 Rc8 37. h3 Bxg5 38. Qxg5 Rf7 39. Rc1 Rxc1 40. Rxc1 Bc6 41. Re1 Bb7 42. Rc1 Bc6 43.
Re1 a5 44. Rc1 h6 45. Qd2 Rf8 46. Qe2 Rc8 47. Qf2 Bb7 48. Re1 Ba6 49. Qg3 Bb7 50. Qg6 Qf7 0-1

[Event "*** SCC Grand Prix: Titled Tuesday Blitz"]
[Site "Chess.com"]
[Date "2020.07.21"]
[Round "2"]
[White "AnthonyWirig"]
[Black "MarceloPlaya"]
[Result "1-0"]
[WhiteElo "2702"]
[BlackElo "2323"]
[TimeControl "180+1"]
[EndTime "10:18:07 PDT"]
[Termination "AnthonyWirig won on time"]

1. e4 e6 2. Nf3 d5 3. e5 c5 4.
b4 Nc6 5. bxc5 Bxc5 6. d4 Bb6 7. c3 Nge7 8. Bd3 Bd7 9. h4 Qc7 10. h5 h6 11. Ba3 Na5 12. Bd6 Qc6 13. Bxe7 Kxe7 14. Rh4 Nc4 15. Qc1 Rac8 16. Rg4 Kf8 17. Kf1 Bd8 18. Kg1 b5 19. a3 Na5 20. Qd1 Nc4 21.
Ra2 a5 22. Kh2 Be7 23. Rf4 Ke8 24. Ng1 a4 25. Qg4 Bg5 26. Rf3 Rf8 27. Nh3 f6 28. Nxg5 hxg5 29. h6 gxh6 30. exf6 e5 31. Qh5+ Kd8 32. Bg6 e4 33. Rg3 Qxf6 34. Nd2 Nxd2 35.
Rxd2 Kc7 36. Rb2 Rg8 37. Bf7 Rg7 38. Bxd5 Re8 39. c4 bxc4 40. Rb7+ Kc8 41. Ra7 Kd8 42. Ra8+ Ke7 43. Rxe8+ Bxe8 44. Qe2 h5 45. Qxe4+ 1-0

[Event "*** SCC Grand Prix: Titled Tuesday Blitz"]
[Site "Chess.com"]
[Date "2020.07.21"]
[Round "2"]
[White "NoboaKevin1999"]
[Black "icychess54"]
[Result "1-0"]
[WhiteElo "2512"]
[BlackElo "2270"]
[TimeControl "180+1"]
[EndTime "10:18:07 PDT"]
[Termination "NoboaKevin1999 won on time"]

1. d4 d5 2. c4 c6 3. Nc3 Nf6 4. cxd5 cxd5 5. Bf4 Nc6 6. e3 e6 7. Bd3 Bd6 8. Bxd6 Qxd6 9. f4 a6 10. Nf3 b5 11. O-O O-O 12. Ne5 b4 13. Na4 Ne4 14. Bxe4 dxe4 15. Rc1 Nxe5 16. fxe5 Qe7 17. Rc5 Qg5 18.
Qd2 Bd7 19. Nb6 Bb5 20. Rfc1 Rab8 21. Nc4 Bxc4 22. R1xc4 f6 23. exf6 Qxf6 24. Rc1 Rb7 25. h3 Rbf7 26. Kh2 Qg6 27. Rc8 Qg5 28. Rxf8+ Rxf8 29. Rc5 Qh4 30. Qxb4 Qf2 31. Qc3 h6 32. Rc8 Rxc8 33. Qxc8+ Kh7 34. Qxe6 Qxe3 35. Qf5+ Kg8 36. d5 Qd3 37. Qe6+ Kh7 38. Qf5+ Kg8 39. b4 Qd4 40. Qe6+ Kh8 41. d6 e3 42. Qc8+ Kh7 43. Qf5+ Kh8 44. d7 Qd6+ 45. Kg1 Qd1+ 46. Qf1 e2 47. d8=Q+ Qxd8 48. Qxe2 Qd4+ 49. Kh2 Qd6+ 50. g3 Qxb4 51. h4 a5 52. h5 Kh7 53. Qd3+ Kh8 54. a3 Qa4 55. Kh3 Kg8 56. Kg2 Kh8 57. Kf3 Kg8 58. Qd5+ Kh8 59. Qd8+ Kh7 60. Qd3+ Kh8 61. Ke3 Qe8+ 62. Kf2 Qa8 63. a4 1-0